 Dungeon Crawl Stone Soup version 0.21-a0-434-g806c6c2 (webtiles) character file.

30 slep the Skirmisher (level 3, -13/28 HPs)
             Began as a Demonspawn Wanderer on Nov 9, 2017.
             Mangled by an orc warrior
             ... wielding a +0 glaive
              (19 damage)
             ... on level 2 of the Dungeon.
             The game lasted 00:04:29 (932 turns).

slep the Skirmisher (Demonspawn Wanderer)            Turns: 932, Time: 00:04:29

Health: -13/28     AC:  3    Str: 11    XL:     3   Next: 5%
Magic:  3/3        EV:  8    Int: 13    God:
Gold:   10         SH: 10    Dex: 14    Spells: 2/2 levels left

rFire    . . .     SeeInvis .   m - +0 spear
rCold    . . .     Gourm    .   a - +0 shield
rNeg     . . .     Faith    .   i - +0 leather armour (curse)
rPois    .         Spirit   .   (no helmet)
rElec    .         Reflect  +   (no cloak)
rCorr    .         Harm     .   (no gloves)
MR       .....                  (no boots)
Stlth    ++........             j - +3 amulet of reflection
HPRegen  0.09/turn              (no ring)
MPRegen  0.08/turn              (no ring)

@: no status effects
A: claws 1
a: no special abilities


You were on level 2 of the Dungeon.
You were not hungry.

You visited 1 branch of the dungeon, and saw 2 of its levels.

You collected 10 gold pieces.

Inventory:

Hand Weapons
 d - a +0 dagger
 k - a +0 dagger of venom
 m - a +0 spear (weapon)
Armour
 a - a +0 shield (worn)
 c - a +0 ring mail
 i - a cursed +0 leather armour (worn)
Jewellery
 j - a +3 amulet of reflection (around neck)
 n - an uncursed ring of ice
Scrolls
 b - a scroll of teleportation
 e - a scroll of magic mapping {unknown}
Potions
 g - a potion of agility {unknown}
 h - 2 potions of flight {unknown}
 l - 2 potions of lignification {unknown}
Comestibles
 f - 2 bread rations


   Skills:
 + Level 2.4 Fighting
 + Level 0.6 Short Blades
 + Level 1.0 Throwing
 + Level 2.1 Armour
 + Level 1.2 Dodging
 + Level 1.2 Stealth
 + Level 1.1 Shields
 + Level 2.0 Unarmed Combat


You had 2 spell levels left.
You didn't know any spells.

Dungeon Overview and Level Annotations

Branches:
Dungeon (2/15)

Altars:


Innate Abilities, Weirdness & Mutations

You have sharp fingernails.


Message History

You hit the orc.
The orc is severely wounded.
You block the orc warrior's attack. You block the orc's attack.
You closely miss the orc.
The orc is severely wounded.
You block the orc warrior's attack. The orc hits you with a hand axe.
You hit the orc but do no damage.
The orc is severely wounded.
The orc hits you with a hand axe.
* * * LOW HITPOINT WARNING * * *
You block the orc warrior's attack.
You hit the orc.
The orc is almost dead.
You block the orc's attack. You block the orc warrior's attack.
You hit the orc but do no damage.
The orc is severely wounded.
The orc closely misses you.
The orc warrior hits you from afar with a glaive!!
Ouch! That really hurt!
You die...

#.## #.# ##.##.# #.♣♣.♣
#..## #.####..##.##...P♣
##...#######.......##.#...♣
....)......†..........'...♣
##..<###########...##.#...♣
##...# ##.###o##..{♣
##.#.### ### #.# #(...♣
##.....# #######.# #...♣
####.#.# #.@oo{..# #+.. #
#.#.# #.####### . ####.#.#
#. .....#.# #. ######.# #.
.......# #. ######## #. #.


You could see an orc warrior and an orc.

Vanquished Creatures
  A leopard gecko (D:1)
  3 bats
  2 giant cockroaches
  5 goblins
  2 hobgoblins
  8 kobolds
  A quokka (D:2)
  3 frilled lizards
  2 rats (D:1)
27 creatures vanquished.

Notes
Turn   | Place    | Note
-------+----------+-------------------------------------------
     0 | D:1      | slep the Demonspawn Wanderer began the quest for the Orb.
     0 | D:1      | slep set off with: a +0 shield, a scroll of teleportation, a +0 ring mail, a +0 dagger, a bread ration
     0 | D:1      | Reached XP level 1. HP: 16/16 MP: 1/1
   134 | D:1      | Gained mutation: You have sharp fingernails. [demonic ancestry]
   134 | D:1      | Reached XP level 2. HP: 13/22 MP: 2/2
   832 | D:2      | Reached XP level 3. HP: 5/28 MP: 3/3
   916 | D:2      | Noticed an orc warrior
   932 | D:2      | Mangled by an orc warrior

Vault maps used:
D:1:      lightli_arrival_quake, kennysheep_doodads,
          hangedman_abyss_or_decor_stabs, minmay_strange_pillars
D:2:      old_standard_altar, wad_woods_river_04, kennysheep_generic_room_14

Skill      XL: |  1  2 |
---------------+-------+-----
Unarmed Combat | 2 |  2.0
Armour         | 2 |  2.1
Fighting       | |  2.4
Short Blades   | |  0.6
Throwing       | |  1.0
Dodging        | |  1.2
Stealth        | |  1.2
Shields        | |  1.1

Action                   || total
-------------------------++-------
Melee: Dagger            ||    96
       Unarmed           ||    24
       Spear             ||     6
 Stab: Sleeping          ||     4
Armor: Ring mail         ||     9
       Leather armour    ||    21
Dodge: Dodged            ||    31
Block: Shield            ||    58

Table legend:
 A = Spawn XP
 B = Non-spawn XP
 C = Spawn XP percentage of total XP
 D = Spawn monster count
 E = Non-spawn monster count
 F = Spawn count percentage of total count
 G = Total turns spent on level
                    A         B        C        D         E        F      G
               +---------+---------+-------+---------+---------+-------+---------
         Total |       0 |      44 |   0.0 |       0 |      27 |   0.0 |   932
               +---------+---------+-------+---------+---------+-------+---------
           D:1 |       0 |      31 |   0.0 |       0 |      19 |   0.0 |   743
           D:2 |       0 |      13 |   0.0 |       0 |       8 |   0.0 |   189
               +---------+---------+-------+---------+---------+-------+---------
